 Dungeon Crawl Stone Soup version 0.27-a0-1147-gb3d8e82157 (webtiles) character file.

Game seed: 7250272119371822023

1589 Shayle the Martial Artist (level 8, -10/38 HPs)
             Began as a Vine Stalker Warper on May 11, 2021.
             Was a Follower of Makhleb.
             Mangled by a two-headed ogre
             ... wielding a +0 giant club
              (19 damage)
             ... on level 8 of the Dungeon.
             The game lasted 00:14:54 (6358 turns).

Shayle the Martial Artist (Vine Stalker Warper)     Turns: 6358, Time: 00:14:55

Health: -10/38     AC:  6    Str: 13    XL:     8   Next: 92%
Magic:  0/18       EV: 11    Int: 15    God:    Makhleb [*.....]
Gold:   344        SH:  0    Dex: 21    Spells: 10/20 levels left

rFire    . . .     SeeInvis .     - Unarmed
rCold    . . .     Faith    .   (no shield)
rNeg     . . .     Spirit   +   f - +0 ring mail
rPois    .         Reflect  .   (no helmet)
rElec    .         Harm     .   l - +0 cloak
rCorr    .         Rampage  .   (no gloves)
Will     +....                  (no boots)
Stlth    +.........             (no amulet)
HPRegen  1.12/turn              c - +6 ring of dexterity
MPRegen  0.16/turn              (no ring)

@: very slightly contaminated
A: fangs 3, regeneration 1, magic shield, antimagic bite, no potion heal 2
a: Renounce Religion


You were on level 8 of the Dungeon.
You worshipped Makhleb.
Makhleb was aware of your devotion.
You visited 2 branches of the dungeon, and saw 9 of its levels.

You collected 344 gold pieces.

Inventory:

Hand Weapons
 o - a +2 short sword of protection
Armour
 a - a +0 leather armour
 f - a +0 ring mail (worn)
 l - a +0 cloak (worn)
 m - a +0 buckler
Jewellery
 c - a +6 ring of dexterity (left hand)
 x - a +6 ring of dexterity
Wands
 e - a wand of acid (2)
 r - a wand of iceblast (6)
Scrolls
 b - 6 scrolls of identify
 j - 2 scrolls of blinking
 n - a scroll of holy word
 q - 2 scrolls of magic mapping
 u - 2 scrolls of teleportation
 v - a scroll of enchant weapon
Potions
 d - a potion of flight {unknown}
 g - 2 potions of might {unknown}
 h - a potion of cancellation
 i - a potion of ambrosia {unknown}
 p - a potion of haste {unknown}
 s - 3 potions of brilliance {unknown}
 t - 2 potions of resistance {unknown}
 w - a potion of curing {unknown}


   Skills:
 - Level 1.7 Fighting
 - Level 0.8 Throwing
 - Level 0.7 Armour
 - Level 1.5 Dodging
 * Level 9.2 Unarmed Combat
 + Level 6.6 Spellcasting
 - Level 3.0 Translocations


You had 10 spell levels left.
You knew the following spells:

 Your Spells              Type           Power      Damage    Failure   Level
a - Blink                 Tloc           N/A        N/A       13%         2
b - Teleport Other        Tloc           13%        N/A       26%         3
c - Manifold Assault      Tloc           13%        N/A       94%         5

Your spell library contained the following spells:

 Spells                   Type           Power      Damage    Failure   Level
 Gell's Gravitas          Tloc           6%         N/A       26%         3
 Lesser Beckoning         Tloc           6%         N/A       26%         3


Dungeon Overview and Level Annotations

Branches:
Dungeon (8/15)             Temple (1/1) D:4
   Lair: D:8-11

Altars:
Cheibriados
Elyvilon
Fedhas
Hepliaklqana
Kikubaaqudgha
Makhleb
Nemelex Xobeh
Okawaru
Qazlal
Sif Muna
Trog
Uskayaw
Vehumet
Xom
Yredelemnul
Zin
The Shining One

Shops:
D:6 =

Annotations:
D:6 1 runed translucent door, Crazy Yiuf


Innate Abilities, Weirdness & Mutations

You have razor-sharp teeth.
Your natural rate of healing is unusually fast.
When hurt, damage is shared between your health and your magic reserves.
Your bite disrupts and absorbs the magic of your enemies.
Potions cannot restore your health.


Message History

You bite the bullfrog.
You kill the bullfrog!
Makhleb accepts your kill.
You see here a bullfrog corpse.
A two-headed ogre comes into view.
It is wielding a +0 giant club and a +0 giant spiked club.
Throw: throwing net
Press: ? - help, Q - select action, (/) - cycle Shift-Dir - straight line, f - two-headed ogre
Aim: a two-headed ogre, wielding a +0 giant club and a +0 giant spiked club (76% to hit)
You throw a throwing net.
The throwing net hits the two-headed ogre.
The two-headed ogre is caught in the net!
The two-headed ogre struggles against the net.
The two-headed ogre struggles against the net.
The two-headed ogre struggles against the net.
The two-headed ogre struggles against the net.
The two-headed ogre struggles against the net.
The two-headed ogre struggles against the net.
The net rips apart, and the two-headed ogre comes free!
You hit the two-headed ogre. You bite the two-headed ogre. You drain its power.
The two-headed ogre is lightly wounded.
The two-headed ogre barely misses you. The two-headed ogre closely misses you.
You punch the two-headed ogre! Your bite misses the two-headed ogre.
The two-headed ogre is moderately wounded.
You barely miss the two-headed ogre. You bite the two-headed ogre.
You drain its power.
The two-headed ogre is heavily wounded.
The two-headed ogre hits you with a +0 giant club!!
Ouch! That really hurt!
The two-headed ogre closely misses you.
Okay, then.
Casting: Teleport Other (quite dangerous; 26% risk of failure)
Confirm with . or Enter, or press ? or * to list all spells.
You miscast Blink.
You are very lightly contaminated with residual magic.
Nothing appears to happen.
The two-headed ogre hits you with a +0 giant club!
* * * LOW HITPOINT WARNING * * *
The two-headed ogre hits you with a +0 giant spiked club!!
Ouch! That really hurt!
You die...

#...#
#...###+##
#........#
#........#
#........#
#........#
#........#
#....##..#
#..@.##..###
#..O..#....#
#.....#....#
#.....#....#
#.....#....#
#.....#..†.#
#.....#..<.#
#....###..##
#..#


You could see a two-headed ogre.

Vanquished Creatures
  A hornet (D:5)
  A sky beast (D:4)
  2 ogres (D:6)
  2 bullfrogs
  A scorpion (D:6)
  A wyvern zombie (D:6)
  A water moccasin skeleton (D:5)
  3 killer bees (D:7)
  2 bullfrog zombies (D:5)
  2 hounds
  2 bullfrog skeletons
  2 orc priests
  A jelly (D:5)
  Natasha (thrice) (D:2)
  A centaur skeleton (D:5)
  3 iguanas
  An orc wizard (D:5)
  A killer bee zombie (D:7)
  A hound skeleton (D:4)
  A howler monkey zombie (D:6)
  6 adders
  A gnoll (D:1)
  A shadow imp (D:7)
  3 worms (D:2)
  2 dart slugs
  8 orcs
  3 ball pythons
  7 endoplasms
  5 giant cockroaches
  6 goblins
  3 hobgoblins
  7 jackals
  4 quokkas
  2 bats (D:3)
  2 frilled lizards
  6 kobolds
  6 rats
104 creatures vanquished.

Vanquished Creatures (others)
  An orc wizard (D:5)
1 creature vanquished.

Grand Total: 105 creatures vanquished

Notes
Turn   | Place    | Note
-------+----------+-------------------------------------------
     0 | D:1      | Shayle the Vine Stalker Warper began the quest for the Orb.
     0 | D:1      | Reached XP level 1. HP: 11/11 MP: 4/4
   217 | D:1      | Reached XP level 2. HP: 15/15 MP: 4/6
   588 | D:1      | Reached skill level 3 in Unarmed Combat
   598 | D:1      | Reached XP level 3. HP: 17/18 MP: 5/7
  1296 | D:2      | Noticed Natasha
  1701 | D:2      | Killed Natasha
  1702 | D:2      | Gained mutation: Your natural rate of healing is unusually
                  | fast. [Vine Stalker growth]
  1702 | D:2      | Reached XP level 4. HP: 2/23 MP: 0/9
  1900 | D:2      | Noticed Natasha
  1908 | D:2      | Killed Natasha
  1909 | D:2      | Reached skill level 4 in Unarmed Combat
  2137 | D:2      | Noticed Natasha
  2151 | D:2      | Killed Natasha
  2152 | D:2      | Reached XP level 5. HP: 26/26 MP: 9/11
  2470 | D:3      | Learned a level 2 spell: Blink
  2474 | D:3      | Learned a level 3 spell: Teleport Other
  2480 | D:3      | Learned a level 5 spell: Manifold Assault
  2539 | D:3      | Reached skill level 5 in Unarmed Combat
  2594 | D:3      | Found a faded altar of an unknown god.
  2772 | D:4      | Reached XP level 6. HP: 30/30 MP: 12/12
  2980 | D:4      | Found a staircase to the Ecumenical Temple.
  2988 | Temple   | Entered the Ecumenical Temple
  3013 | Temple   | Became a worshipper of Makhleb the Destroyer
  3265 | D:4      | Noticed a sky beast
  3299 | D:4      | Killed a sky beast
  3520 | D:4      | Reached skill level 6 in Unarmed Combat
  3787 | D:5      | Entered Level 5 of the Dungeon
  3803 | D:5      | Reached XP level 7. HP: 34/34 MP: 14/14
  3804 | D:5      | Noticed a hornet
  3810 | D:5      | Paralysed by a hornet for 1 turns
  4205 | D:5      | Reached skill level 5 in Spellcasting
  4415 | D:5      | Reached skill level 7 in Unarmed Combat
  4645 | D:6      | Found Ximerytz's Jewellery Emporium.
  4830 | D:6      | Gained mutation: You have razor-sharp teeth. [Vine Stalker
                  | growth]
  4830 | D:6      | Reached XP level 8. HP: 17/38 MP: 5/17
  4926 | D:6      | Reached * piety under Makhleb
  5145 | D:6      | Reached skill level 8 in Unarmed Combat
  5193 | D:6      | Found a runed translucent door.
  5194 | D:6      | Noticed Crazy Yiuf
  5485 | D:5      | Killed a hornet
  6200 | D:7      | Reached skill level 9 in Unarmed Combat
  6315 | D:7      | Noticed a two-headed ogre
  6344 | D:8      | Noticed a two-headed ogre
  6358 | D:8      | Mangled by a two-headed ogre

Illustrated notes

Levels and vault maps discovered:
D:1:      minmay_arrival_semitransparent, layout_loops_ring,
          hangedman_abyss_or_decor_stabs, solitary_fountain
D:2:      layout_rooms, minmay_box_of_dots, uniq_natasha
D:3:      layout_rooms, ebering_ecumenical_altar_abandoned
D:4:      layout_cave_pods, minmay_temple_entry_trees, st_stairs_13,
          kennysheep_generic_room_8
D:5:      lemuel_ice_spiral_2, layout_basic
D:6:      layout_rooms, serial_shops, shop, minivault_4, uniq_crazy_yiuf_cottage
D:7:      layout_basic
D:8:      layout_gridville, ashenzari_altar_1, st_stairs_8, uniq_psyche
Temple:   grunt_wide_crystal_templ

Skill      XL: |  1  2  3  4  5  6  7  8 |
---------------+-------------------------+-----
Unarmed Combat | 3 4 5 6 7 9 |  9.2
Spellcasting   | 3 4 5 6 |  6.6
Fighting       | |  1.7
Throwing       | |  0.8
Armour         | |  0.7
Dodging        | |  1.5
Translocations | |  3.0

Action                   |  1- 3 |  4- 6 |  7- 9 || total
-------------------------+-------+-------+-------++-------
Melee: Unarmed           |    68 |       |     9 ||    77
       Bite              |    28 |    63 |    65 ||   156
       Punch             |     3 |     6 |     6 ||    15
       Short sword       |    50 |   212 |   210 ||   472
Throw: Boomerang         |     5 |       |       ||     5
       Throwing net      |     1 |       |     1 ||     2
 Cast: Teleport Other    |       |       |     1 ||     1
Evoke: Wand              |       |       |     5 ||     5
  Use: Scroll            |     2 |     4 |     8 ||    14
       Potion            |       |       |     3 ||     3
Armor: Ring mail         |    46 |   115 |    96 ||   257
       Skin              |       |       |    29 ||    29
Dodge: Dodged            |    62 |   120 |   107 ||   289

Table legend: (Time is in decaauts)
 A = Elapsed time spent in this place.
 B = Non-inter-level travel time spent in this place.
 C = Inter-level travel time spent in this place.
 D = Time resting spent in this place.
 E = Time spent auto-exploring this place.
 F = Levels seen in this place.
 G = Mean time per level.
                   A        B        C        D        E       F      G
               +--------+--------+--------+--------+--------+-----+--------+
         Total |   6426 |   5993 |    433 |    723 |   3595 |   9 |  714.0 |
       Dungeon |   6387 |   5967 |    420 |    723 |   3577 |   8 |  798.4 |
        Temple |     38 |     25 |     13 |      0 |     18 |   1 |   38.0 |
               +--------+--------+--------+--------+--------+-----+--------+

Top non-repeatable levels by time:
     D:2: 1205 daAuts
     D:1: 1086 daAuts
     D:5: 1068 daAuts
     D:4: 1044 daAuts
     D:6: 1025 daAuts
     D:3: 482 daAuts
     D:7: 447 daAuts
  Temple: 38 daAuts
     D:8: 27 daAuts
